 Dungeon Crawl Stone Soup version 0.26-a0-1020-ge47f559bc5 (webtiles) character file.

Game seed: 15200584481168054671

7 ArelonLightweaver the Conjurer (level 1, -1/10 HPs)
             Began as a Vampire Conjurer on Dec 7, 2020.
             Slain by a jackal (2 damage)
             ... on level 1 of the Dungeon on Dec 8, 2020.
             The game lasted 00:12:12 (1816 turns).

ArelonLightweaver the Conjurer (Vampire Conjurer)   Turns: 1816, Time: 00:12:13

Health: -1/10      AC:  2    Str:  6    XL:     1   Next: 91%
Magic:  1/3        EV: 12    Int: 20    God:
Gold:   11         SH:  0    Dex: 12    Spells: 3/4 levels left

rFire    . . .     SeeInvis +   (no weapon)
rCold    + + .     Faith    .   (no shield)
rNeg     + + +     Spirit   .   a - +0 robe
rPois    ∞         Reflect  .   (no helmet)
rElec    .         Harm     .   (no cloak)
rCorr    .         Rampage  .   (no gloves)
Will     .....                  (no boots)
Stlth    ++++......             (no amulet)
HPRegen  0.00/turn              (no ring)
MPRegen  0.08/turn              (no ring)

@: bloodless
A: fangs 3, see invisible, unbreathing
a: Revivify


You were on level 1 of the Dungeon.
You visited 1 branch of the dungeon, and saw 1 of its levels.

You collected 11 gold pieces.

Inventory:

Missiles
 c - 21 stones
Armour
 a - a +0 robe (worn)
Potions
 b - a potion of magic {unknown}
 d - a potion of curing {unknown}


   Skills:
 - Level 2.1 Dodging
 - Level 3.0 Stealth
 * Level 2.0 Spellcasting
 + Level 3.2 Conjurations


You had 3 spell levels left.
You knew the following spells:

 Your Spells              Type           Power        Failure   Level
a - Magic Dart            Conj           ###.         4%          1

Your spell library contained the following spells:

 Spells                   Type           Power        Failure   Level
 Searing Ray              Conj           ###...       6%          2
 Dazzling Flash           Conj/Hex       #.....       24%         3
 Fulminant Prism          Conj/Hex       #.........   63%         4
 Iskenderun's Mystic Bla  Conj/Tloc      #.......     63%         4


Dungeon Overview and Level Annotations

Branches:
Dungeon (1/15)

Altars:


Innate Abilities, Weirdness & Mutations

You do not regenerate when monsters are visible.
You are frail without blood (-20% HP).
You can heal yourself when you bite living creatures.
You are immune to poison.
You have razor-sharp teeth.
You have supernaturally acute eyesight. (SInv)
You can survive without breathing.


Message History

The jackal bites you but does no damage.
The jackal closely misses you. The kobold hits you.
The jackal closely misses you.
Now bloodless.
Unknown command.
Unknown command.
The jackal bites you.
* * * LOW HITPOINT WARNING * * *
The jackal barely misses you.
Casting: Magic Dart (safe; 4% risk of failure)
Confirm with . or Enter, or press ? or * to list all spells.
Aiming: Magic Dart (safe; 4% risk of failure)
Press: ? - help, Shift-Dir - straight line, f/p - jackal
Aim: a jackal (0% to evade)
The magic dart hits the jackal.
The jackal is moderately wounded.
The jackal closely misses you. The kobold barely misses you.
The jackal bites you but does no damage.
The jackal bites you.
You die...

..### #.##.#.. #.##.#.###
######.##.#.#..
######......##.#.#.#
#...........##.#.#.#
#...[............#..
#................#..
##.@.............#..
#hhK)..............
#..........##......
####..........##...... ..
#.............###..... ...
#...........#.........
....#####...........#####.....
..............#.....#####.....
..............................


You could see 2 jackals and a kobold.

Vanquished Creatures
  An ooze (D:1)
  A frilled lizard (D:1)
  A goblin (D:1)
  2 kobolds (D:1)
  A bush (D:1)
6 creatures vanquished.

Vanquished Creatures (others)
  5 plants (D:1)
5 creatures vanquished.

Grand Total: 11 creatures vanquished

Notes
Turn   | Place    | Note
-------+----------+-------------------------------------------
     0 | D:1      | ArelonLightweaver the Vampire Conjurer began the quest for
                  | the Orb.
     0 | D:1      | Reached XP level 1. HP: 13/13 MP: 3/3
  1436 | D:1      | Upgraded the game from 0.26-a0-1012-gedcf9b2963 to
                  | 0.26-a0-1020-ge47f559bc5
  1816 | D:1      | Slain by a jackal

Illustrated notes

Levels and vault maps discovered:
D:1:      sevenhm_arrival_forest_fort_large_4, layout_basic,
          minmay_misc_feat_roman

Skill      XL: |  1 |
---------------+----+-----
Conjurations   | 3 |  3.2
Dodging        | |  2.1
Stealth        | |  3.0
Spellcasting   | |  2.0

Action                   || total
-------------------------++-------
Melee: Unarmed           ||  1321
       Bite              ||   189
 Cast: Magic Dart        ||    19
 Abil: Exsanguinate      ||     1
  Use: Scroll            ||     1
Armor: Robe              ||     8
Dodge: Dodged            ||    21

Table legend: (Time is in decaauts)
 A = Elapsed time spent in this place.
 B = Non-inter-level travel time spent in this place.
 C = Inter-level travel time spent in this place.
 D = Time resting spent in this place.
 E = Time spent auto-exploring this place.
 F = Levels seen in this place.
 G = Mean time per level.
                   A        B        C        D        E       F      G
               +--------+--------+--------+--------+--------+-----+--------+
         Total |   1816 |   1617 |    199 |     97 |      0 |   1 | 1816.0 |
       Dungeon |   1816 |   1617 |    199 |     97 |      0 |   1 | 1816.0 |
               +--------+--------+--------+--------+--------+-----+--------+

Top non-repeatable levels by time:
     D:1: 1816 daAuts
